AoeStats
← Rafaelbdoo

Arena

504669723Analyzed
1v1 RM · 28d ago on Sep 6, 2026· 44m 22s· 2 players
Game mode
Random Map
Map size
Tiny (2 player)
Population
200
Speed
Normal
Resources
Standard
Victory
Conquest
Starting age
Dark Age
Ending age
Imperial Age
RankedLock teamsTeams togetherTeam positionsShared explorationLock speedFull tech treeHidden civsTurbo modeCheats
Victory
Defeat
🇳🇿 Lithuanians · New Zealand
861
+40
🇧🇷 Inca · Brazil
854
-43
Rafaelbdoo
10:10 Feudal Age
17:58 Castle Age
17:02 Fletching
17:29 Forging
17:20 Scale Mail Armor
20:48 Stone Mining
20:52 Gold Mining
27:45 Pikeman
29:41 Squires
29:05 Elite Skirmisher
30:48 Loom
31:40 Wheelbarrow
31:23 Thumb Ring
31:16 Fletching
33:46 Bodkin Arrow
34:27 Iron Casting
33:45 Champi Runner
35:41 Hand Cart
38:04 Imperial Age
35:55 Chain Mail Armor
35:41 Padded Archer Armor
37:20 Town Watch
38:07 Andean Sling
38:14 Champi Warrior
38:22 Capped Ram
40:06 Hoardings
39:53 Conscription
39:51 Masonry
39:23 Treadmill Crane
39:24 Siege Ram
42:48 Plate Mail Armor
43:19 Blast Furnace
RampantAlby
10:51 Feudal Age
15:52 Castle Age
14:18 Double-Bit Axe
16:06 Horse Collar
21:26 Bow Saw
21:10 Loom
23:29 Heavy Plow
23:18 Town Watch
26:53 Wheelbarrow
28:46 Town Patrol
29:20 Hand Cart
29:38 Bloodlines
29:31 Husbandry
29:42 Gold Mining
29:43 Stone Mining
31:42 Scale Barding Armor
31:38 Padded Archer Armor
31:28 Fletching
36:10 Imperial Age
36:12 Cavalier
37:49 Elite Leitis
39:00 Chain Barding Armor
38:41 Padded Archer Armor
38:37 Bodkin Arrow
39:02 Paladin
39:24 Capped Ram
43:20 Stone Shaft Mining
42:50 Town Patrol
43:22 Crop Rotation
43:57 Two-Man Saw
Connection lost

Rejoining the realm…

Still unreachable

The connection could not be restored.

Session expired

The server has moved on; the page needs a fresh start.